Map: World of Sleepers LE

Players

Reynor - Winner!

  • Race: Zerg Zerg
  • Spawn Location: 7:00

Serral

  • Race: Zerg Zerg
  • Spawn Location: 1:00

Event: 2019 WCS Global FInals

VOD

Have the link to the VOD?

Description

Time

  • Played on: Nov. 1, 2019, 8:55 p.m.
  • Length: 8:53

All games in this series

Show
View Real Time Build Order
Export as new Build Order

Reynor Zerg - Winner!

Build Orders: Hatch First 

Get SALT Encoding   

  12  0:00  Drone  
  13  0:11  Overlord  
  13  0:16  Drone  
  14  0:30  Drone x2  
  16  0:48  Hatchery  
  15  0:51  Drone  
  15  0:54  Drone  
  17  0:58  Drone  
  18  1:08  Extractor  
  17  1:13  Spawning Pool  
  17  1:16  Drone  
  17  1:19  Drone  
  18  1:27  Drone  
  19  1:38  Drone  
  20  1:48  Drone  
  21  1:59  Overlord, Queen x2  
  21  2:00  Zergling x2  
  26  2:10  Drone x2  
  26  2:12  Metabolic Boost  
  28  2:21  Drone x2  
  30  2:34  Hatchery  
  30  2:35  Drone  
  30  2:37  Drone  
  30  2:42  Drone  
  32  2:45  Overlord  
  32  2:54  Drone  
  32  2:56  Zergling x2  
  34  3:05  Zergling x4  
  36  3:07  Zergling x6  
  36  3:08  Zergling x6  
  42  3:13  Roach Warren  
  42  3:17  Overlord  
  41  3:22  Drone  
  41  3:26  Queen  
  44  3:34  Overlord  
  44  3:40  Drone x2  
  44  3:41  Drone x2  
  47  3:54  Roach x5  
  57  3:58  Roach  
  57  4:02  Drone  
  60  4:04  Drone  
  60  4:07  Drone x2  
  61  4:10  Roach  
  61  4:14  Roach  
  64  4:17  Drone  
  64  4:20  Overlord  
  64  4:23  Roach  
  66  4:30  Overlord, Extractor  
  64  4:38  Roach x3  
  64  4:41  Roach  
  64  4:45  Zergling x4  
  74  4:49  Overlord  
  74  4:50  Roach  
  76  4:59  Roach  
  78  5:02  Zergling x8  
  78  5:04  Overlord  
  82  5:08  Roach  
  82  5:09  Drone  
  82  5:10  Drone x3  
  88  5:15  Overlord  
  88  5:16  Drone  
  88  5:17  Drone  
  88  5:20  Overlord  
  89  5:24  Drone  
  90  5:29  Evolution Chamber  
  90  5:35  Lair  
  88  5:36  Drone x3  
  88  5:39  Drone  
  88  5:42  Drone x2  
  94  5:43  Drone  
  94  5:44  Unknown  
  94  5:45  Drone  
  94  5:48  Drone  
  86  5:52  Roach x2  
  90  5:57  Zerg Missile Weapons Level 1  
  90  5:58  Roach  
  90  6:03  Drone x3  
  95  6:08  Roach x2  
  95  6:09  Drone  
  100  6:12  Roach  
  100  6:15  Drone x3  
  105  6:19  Extractor  
  105  6:24  Roach x4  
  112  6:28  Spine Crawler x2  
  112  6:31  Roach x2  
  114  6:34  Overlord  
  114  6:37  Overlord  
  114  6:41  Overlord  
  115  6:48  Overlord  
  115  6:51  Glial Reconstitution  
  115  6:53  Roach x3  
  121  6:56  Roach x2  
  121  6:57  Roach  
  121  6:59  Drone x2  
  121  7:00  Roach  
  121  7:01  Roach  
  135  7:02  Extractor  
  135  7:04  Roach x2  
  135  7:06  Overlord  
  135  7:08  Roach  
  140  7:10  Roach  
  140  7:14  Roach  
  144  7:18  Overlord  
  144  7:21  Roach  
  146  7:23  Overlord  
  146  7:25  Roach  
  146  7:26  Roach x2  
  152  7:30  Roach  
  152  7:32  Overlord  
  154  7:40  Roach x3  
  154  7:41  Roach  
  154  7:43  Overlord  
  162  7:46  Roach x4  
  170  7:52  Roach x3  
  170  7:55  Overlord  
  170  7:57  Roach  
  178  7:59  Overlord  
  180  8:05  Roach  
  180  8:06  Roach x3  
  180  8:09  Overlord  
  180  8:10  Roach  
  182  8:15  Roach x3  
  182  8:19  Roach  
  178  8:21  Roach  
  178  8:24  Roach x2  
  178  8:26  Roach  
  172  8:27  Roach  
  172  8:28  Ravager  
  172  8:31  Roach  
  172  8:32  Roach x2  
  159  8:36  Extractor  
Show
View Real Time Build Order
Export as new Build Order

Serral Zerg 

Build Orders: Hatch First, Zergling Baneling 

Get SALT Encoding   

  12  0:00  Drone  
  13  0:12  Overlord  
  13  0:16  Drone  
  14  0:30  Drone x2  
  16  0:47  Hatchery  
  15  0:50  Drone  
  15  0:54  Drone  
  17  0:57  Drone  
  18  1:08  Extractor  
  17  1:12  Spawning Pool  
  17  1:16  Drone  
  17  1:19  Drone  
  18  1:27  Drone  
  19  1:38  Drone  
  20  1:48  Drone  
  21  1:59  Overlord, Queen x2  
  21  2:00  Zergling x2  
  26  2:07  Metabolic Boost  
  26  2:10  Drone  
  26  2:11  Drone  
  28  2:21  Drone x2  
  30  2:34  Hatchery  
  30  2:36  Drone  
  30  2:38  Drone  
  31  2:46  Baneling Nest  
  31  2:48  Overlord  
  31  2:50  Zergling x2  
  31  2:53  Drone  
  31  2:56  Drone  
  33  3:05  Drone  
  34  3:09  Zergling x10  
  39  3:13  Zergling x4  
  41  3:21  Overlord  
  41  3:22  Zergling x2  
  42  3:28  Evolution Chamber  
  42  3:30  Zergling x2  
  42  3:31  Zergling x2  
  43  3:41  Baneling x2  
  43  3:42  Baneling  
  43  3:43  Baneling  
  43  3:46  Zergling x6  
  43  3:48  Queen  
  45  3:50  Overlord  
  45  3:53  Overlord  
  47  4:01  Zergling x2  
  47  4:02  Zergling x6  
  50  4:13  Zergling x10  
  56  4:24  Zergling x12  
  56  4:28  Zergling x2  
  62  4:32  Zergling x2  
  62  4:37  Drone x2  
  65  4:42  Roach Warren  
  65  4:44  Drone  
  65  4:45  Baneling x2  
  65  4:46  Baneling  
  65  4:47  Baneling  
  65  4:50  Drone  
  66  4:53  Unknown  
  66  4:55  Zerg Missile Weapons Level 1  
  66  4:58  Drone x2  
  66  5:02  Drone  
  66  5:03  Drone  
  68  5:13  Overlord  
  67  5:20  Overlord  
  66  5:22  Roach x3  
  66  5:27  Overlord  
  72  5:35  Roach x4  
  80  5:42  Ravager  
  81  5:48  Roach  
  81  5:49  Roach x3  
  88  5:57  Overlord  
  88  6:03  Lair  
  88  6:04  Drone x3  
  89  6:05  Drone  
  89  6:07  Extractor  
  89  6:09  Drone  
  90  6:14  Overlord  
  90  6:15  Drone  
  90  6:17  Drone  
  92  6:22  Drone x3  
  95  6:29  Overlord  
  95  6:31  Drone  
  96  6:36  Drone x5  
  101  6:42  Drone x4  
  101  6:44  Drone  
  106  6:48  Extractor  
  106  6:52  Roach x3  
  110  6:57  Overlord  
  110  7:01  Glial Reconstitution  
  110  7:05  Roach  
  110  7:06  Roach  
  110  7:07  Overseer  
  114  7:12  Roach x3  
  120  7:17  Overlord  
  120  7:18  Roach  
  120  7:19  Roach  
  120  7:22  Overlord  
  124  7:28  Roach x3  
  129  7:35  Overlord  
  129  7:38  Roach x4  
  129  7:40  Overlord  
  129  7:43  Roach  
  138  7:47  Overlord  
  138  7:49  Roach x2  
  142  7:54  Ravager  
  142  7:56  Roach x3  
  148  8:00  Ravager  
  148  8:02  Roach  
  148  8:03  Roach x2  
  155  8:12  Roach x5  
  161  8:19  Roach x3  
  161  8:27  Roach x4  
  140  8:30  Roach  
  140  8:33  Roach  
Tags
 
Add a new tag
Caveats
  • Supply blocks, unpowered buildings, or Contaminate may cause inaccurate times.
  • Supply counts are checked every 10 seconds.